 Dungeon Crawl Stone Soup version 0.30.1-9-gdf580d7c3d (webtiles) character file.

Game seed: 9109131450687704485

1246 Wiggles the Cleaver (level 8, -6/70 HPs)
             Began as a Minotaur Berserker on Oct 18, 2023.
             Was a Priest of Trog.
             Splashed by a jelly's acid (8 damage)
             ... on level 5 of the Dungeon.
             The game lasted 00:04:45 (3048 turns).

Wiggles the Cleaver (Minotaur Berserker)            Turns: 3048, Time: 00:04:46

Health: -6/70      AC: -13   Str: 24    XL:     8   Next: 25%
Magic:  0/7        EV: 10    Int:  4    God:    Trog [***...]
Gold:   235        SH:  0    Dex: 10    Spells: 7/7 levels left

rFire   + . .        a - +0 hand axe
rCold   . . .        (no shield)
rNeg    . . .        t - +0 chain mail
rPois   .            (helmet restricted)
rElec   .            e - scarf {+Inv}
rCorr   .            (no gloves)
SInv    .            (no boots)
Will    .....        s - amulet of guardian spirit Stlth
                     v - ring of protection from fire
HPRegen 0.31/turn    (no ring)
MPRegen 0.10/turn

%: guardian spirit
@: corroded
A: horns 2, retaliatory headbutt
a: Renounce Religion, Evoke Invisibility, Berserk, Trog's Hand


You were on level 5 of the Dungeon.
You worshipped Trog.
Trog was most pleased with you.
You visited 1 branch of the dungeon, and saw 5 of its levels.

You collected 235 gold pieces.

Inventory:

Hand Weapons
 a - a +0 hand axe (weapon)
Armour
 e - a scarf of invisibility (worn)
 t - a +0 chain mail (worn)
Jewellery
 s - an amulet of guardian spirit (around neck)
 v - a ring of protection from fire (left hand)
Wands
 w - a wand of digging (4)
Scrolls
 b - a scroll of blinking {unknown}
 c - a scroll of poison {unknown}
 h - a scroll of teleportation {unknown}
 o - a scroll of brand weapon {unknown}
 q - a scroll of identify {unknown}
 r - 2 scrolls of amnesia {unknown}
 u - 3 scrolls of magic mapping {unknown}
 x - a scroll of enchant weapon {unknown}
Potions
 d - 4 potions of brilliance {unknown}
 f - 2 potions of flight {unknown}
 g - 2 potions of resistance {unknown}
 i - 4 potions of mutation {unknown}
 j - 2 potions of cancellation {unknown}
 k - 2 potions of degeneration {unknown}
 l - a potion of heal wounds {unknown}
 m - a potion of curing {unknown}
 n - a potion of might {unknown}
 p - a potion of attraction {unknown}
 z - a potion of haste {unknown}


   Skills:
 + Level 6.2 Fighting
 + Level 8.4 Axes
 + Level 6.8 Armour
 + Level 4.1 Dodging
 + Level 0.5 Stealth


You had 7 spell levels left.
You didn't know any spells.
Your spell library was empty.

Dungeon Overview and Level Annotations

Branches:
Dungeon (5/15)
 Temple: D:4-7

Altars:


Innate Abilities, Weirdness & Mutations

You have a pair of horns on your head.
You reflexively headbutt those who attack you in melee.


Message History

You hit the white imp.
The white imp is severely wounded.
An ogre comes into view. It is wielding a +0 giant club.
The white imp hits you but does no damage.
You hit the white imp but do no damage. Your headbutt misses the white imp.
The white imp is severely wounded.
You hit the jelly.
Your hands burn!
The jelly misses you. You furiously retaliate!
You headbutt the jelly! The white imp gestures at you.
The puff of frost hits you.
You hit the white imp.
The white imp is severely wounded.
You hit the jelly. The acid corrodes you!
Your hands burn!
The white imp hits you but does no damage.
The jelly hits you. The acid corrodes you!
You are splashed with acid.
You are too injured to fight recklessly!
You are too injured to fight recklessly!
You are too injured to fight recklessly!
You hit the white imp.
You kill the white imp!
Trog accepts your kill.
You hit the jelly but do no damage.
Your hands burn!
The jelly hits you. The acid corrodes you!
You are splashed with acid!
You hit the jelly. The acid corrodes you!
Your hands burn!
You headbutt the jelly, but do no damage.
The jelly is almost dead.
The jelly hits you. The acid corrodes you!
You are splashed with acid!
You barely miss the jelly.
You headbutt the jelly, but do no damage.
The jelly is almost dead.
You hit the ogre. The jelly hits you.
You are splashed with acid!
The ogre hits you with a +0 giant club!!
* * * LOW HITPOINT WARNING * * *
You barely miss the jelly.
You headbutt the jelly, but do no damage.
The jelly is almost dead.
You closely miss the ogre. The jelly hits you.
* * * LOW HITPOINT WARNING * * *
The acid corrodes you!
You are splashed with acid!
You die...

######.####.# #.
#...........# #.
#.##.....#### ##
####.#..........
...#............
................>
...#.............
## #hOJ..........
#..@.....####
#)...†....##
#.#.......#
#.##.....## #
#.##.## .. .. ...
.#. ###. ####


You could see an ogre, a howler monkey and a jelly.

Vanquished Creatures
  Pikel (D:4)
  Sigmund (D:3)
  Duvessa (D:4)
  A black bear (D:5)
  A lemure (D:4)
  2 scorpions (D:4)
  Dowan (D:4)
  Natasha (twice) (D:3)
  Robin (D:4)
  7 gnolls
  3 adders
  A shadow imp (D:3)
  2 white imps (D:5)
  An ufetubus (D:4)
  3 worms
  2 dart slugs
  8 orcs
  6 ball pythons
  4 endoplasms
  5 giant cockroaches
  12 goblins
  14 hobgoblins
  6 jackals (D:1)
  2 quokkas
  6 bats
  7 kobolds
  9 rats
109 creatures vanquished.

Notes
Turn   | Place    | Note
-------+----------+-------------------------------------------
     0 | D:1      | Wiggles the Minotaur Berserker began the quest for the Orb.
     0 | D:1      | Reached XP level 1. HP: 19/19 MP: 0/0
   135 | D:1      | Reached XP level 2. HP: 27/27 MP: 1/1
   227 | D:1      | Reached skill level 4 in Axes
   380 | D:1      | Found a faded altar of an unknown god.
   390 | D:1      | Reached ** piety under Trog
   595 | D:2      | Reached XP level 3. HP: 33/33 MP: 2/2
   668 | D:2      | Reached XP level 4. HP: 40/41 MP: 3/3
  1287 | D:3      | Noticed Sigmund
  1295 | D:3      | Killed Sigmund
  1296 | D:3      | Reached skill level 5 in Axes
  1296 | D:3      | Reached XP level 5. HP: 47/47 MP: 4/4
  1352 | D:3      | Reached XP level 6. HP: 41/53 MP: 5/5
  1419 | D:3      | Noticed Natasha
  1427 | D:3      | Killed Natasha
  1428 | D:3      | Reached skill level 6 in Axes
  1451 | D:3      | Noticed Natasha
  1457 | D:3      | Killed Natasha
  1720 | D:3      | Reached *** piety under Trog
  1894 | D:4      | Noticed Dowan
  1896 | D:4      | Noticed Duvessa
  1904 | D:4      | Killed Duvessa
  1905 | D:4      | Reached skill level 5 in Fighting
  1905 | D:4      | Reached skill level 5 in Armour
  1913 | D:4      | Killed Dowan
  1914 | D:4      | Reached XP level 7. HP: 18/61 MP: 2/6
  2144 | D:4      | Noticed Pikel
  2158 | D:4      | Killed Pikel
  2159 | D:4      | Reached skill level 7 in Axes
  2247 | D:4      | Noticed Robin
  2264 | D:4      | Killed Robin
  2265 | D:4      | Reached XP level 8. HP: 57/70 MP: 7/7
  2269 | D:4      | Reached skill level 8 in Axes
  2875 | D:5      | Entered Level 5 of the Dungeon
  3047 | D:5      | HP: 3/70 [ogre/+0 giant club (23)]
  3048 | D:5      | Splashed by a jelly's acid

Illustrated notes

Levels and vault maps discovered:
D:1:      minmay_arrival_open_corners, layout_basic,
          dreamdust_ecumenical_altar_grove, roderic_filled_cross, st_stairs_2,
          supply_closet_lemuel, minmay_crystal_water
D:2:      layout_basic, minmay_misc_feat_square
D:3:      layout_basic, minmay_fractal_squares_diagonal_5, uniq_sigmund,
          uniq_natasha
D:4:      layout_cave_pools, uniq_duvessa, uniq_pikel, uniq_robin
D:5:      layout_loops_cross, minmay_temple_entry_fiery, eino_tiny_chamber,
          chequers_serial_rivers_micro_b, kennysheep_another_room,
          nicolae_specific_store, uniq_menkaure

Skill      XL: |  1  2  3  4  5  6  7  8 |
---------------+-------------------------+-----
Fighting       | 4 5 6 |  6.2
Axes           | 4 5 6 7 8 |  8.4
Armour         | 3 4 5 6 |  6.8
Dodging        | 3 4 |  4.1
Stealth        | |  0.5

Action                     |  1- 3 |  4- 6 |  7- 9 || total
---------------------------+-------+-------+-------++-------
  Melee: Hand axe          |    62 |    94 |    78 ||   234
         Headbutt          |    10 |     8 |    17 ||    35
         Punch             |     1 |     1 |       ||     2
 Invoke: Berserk           |     1 |     3 |     1 ||     5
 Armour: Animal skin       |     1 |       |       ||     1
         Scale mail        |    36 |    44 |       ||    80
         Ring mail         |     1 |       |       ||     1
         Chain mail        |       |     4 |    47 ||    51
  Dodge: Dodged            |    38 |    59 |    31 ||   128
